 Dungeon Crawl Stone Soup version 0.30-a0-760-g5a9884bb7c (webtiles) character file.

Game seed: 7660476264823171036

72 tilp the Shield-Bearer (level 4, -4/38 HPs)
             Began as a Meteoran Fighter on Feb 10, 2023.
             Slain by a gnoll
             ... wielding a +2 whip of freezing
              (5 damage)
             ... on level 3 of the Dungeon.
             The game lasted 00:02:08 (452 turns).

tilp the Shield-Bearer (Meteoran Fighter)            Turns: 452, Time: 00:02:09

Health: -4/38      AC: 11    Str: 17    XL:     4   Next: 77%
Magic:  5/5        EV:  5    Int:  9    God:
Gold:   86         SH:  5    Dex: 16    Spells: 3/3 levels left

rFire   . . .      SeeInvis .    a - +0 long sword
rCold   . . .      Faith    .    c - +0 buckler
rNeg    . . .      Spirit   .    i - +0 plate armour
rPois   .          Reflect  .    (no helmet)
rElec   .          Harm     .    (no cloak)
rCorr   .          Rampage  .    (no gloves)
Will    .....                    (no boots) Stlth
                                 (no amulet)
HPRegen 0.26/turn                (no ring)
MPRegen 0.09/turn                (no ring)

@: mighty, glowing
A: sense surroundings 1, otherworldly, glowing, explore regen
a: no special abilities


You were on level 3 of the Dungeon.
You visited 1 branch of the dungeon, and saw 4 of its levels.

You collected 86 gold pieces.

Inventory:

Hand Weapons
 a - a +0 long sword (weapon)
 b - a +2 vampiric dagger
Armour
 c - a +0 buckler (worn)
 f - a +0 chain mail
 i - a +0 plate armour (worn)
Jewellery
 g - a ring of ice
Scrolls
 h - a scroll of noise {unknown}
Potions
 d - a potion of might
 e - a potion of heal wounds {unknown}
 j - a potion of curing {unknown}


   Skills:
 + Level 3.5 Fighting
 * Level 3.2 Long Blades
 + Level 3.9 Armour
 * Level 2.0 Dodging
 * Level 1.1 Stealth
 - Level 4.0 Shields


You had 3 spell levels left.
You didn't know any spells.
Your spell library was empty.

Dungeon Overview and Level Annotations

Branches:
Dungeon (4/15) Zot: 1916
 Temple: D:4-7

Altars:

Annotations:
D:3 2 runed translucent doors


Innate Abilities, Weirdness & Mutations

You passively map a small area around you.
You are easily found by Zot.
You glow in the dark.
You regain HP and MP as you explore.


Message History

The gnoll hits you but does no damage. The gnoll hits you with a +0 spear.
* * * LOW HITPOINT WARNING * * *
You see here a +0 dagger.
You slice the gnoll!!
You kill the gnoll!
Your Dodging skill increases to level 2!
You closely miss the gnoll. The gnoll hits you but does no damage.
You block the gnoll's attack.
You slash the gnoll!
The gnoll is severely wounded.
The gnoll barely misses you.
You closely miss the gnoll.
The gnoll is severely wounded.
The gnoll barely misses you.
You slash the gnoll!
You kill the gnoll!
The gnoll hits you with a +2 whip of freezing.
* * * LOW HITPOINT WARNING * * *
The gnoll freezes you.
* * * LOW HITPOINT WARNING * * *
Training target 4.0 for Shields reached!
Your Shields skill increases to level 4!
You hit the gnoll.
The gnoll is heavily wounded.
The gnoll hits you with a +2 whip of freezing.
* * * LOW HITPOINT WARNING * * *
The gnoll freezes you.
* * * LOW HITPOINT WARNING * * *
You hit the gnoll.
The gnoll is almost dead.
You block the gnoll's attack.
You closely miss the gnoll.
The gnoll is almost dead.
The gnoll hits you with a +2 whip of freezing.
* * * LOW HITPOINT WARNING * * *
The gnoll freezes you.
* * * LOW HITPOINT WARNING * * *
The gnoll hits you with a +2 whip of freezing.
You die...

#.....##,* ,
#...... , ,
,#......, , ,
#.....# * #,..
#.....+,, #...
*#.....# * * #...
.##.....# ..#
.....##g# .#
,......#@# .# ,
......#'#### .#
,....,...........#
.#
...#######......#
##
.........#......# #
........#.#.#### #
#.......#.#.#
#.##...##.#.#
######.##...##.#'##


You could see a gnoll.

Vanquished Creatures
  2 gnolls (D:3)
  2 adders (D:2)
  A worm (D:2)
  A dart slug (D:3)
  A ball python (D:1)
  2 endoplasms (D:1)
  4 giant cockroaches
  2 hobgoblins (D:1)
  2 quokkas (D:1)
  4 bats
  A frilled lizard (D:2)
  3 goblins
  3 kobolds
  2 rats
30 creatures vanquished.

Notes
Turn   | Place    | Note
-------+----------+-------------------------------------------
     0 | D:1      | tilp the Meteoran Fighter began the quest for the Orb.
     0 | D:1      | Reached XP level 1. HP: 19/19 MP: 2/2
    90 | D:1      | Reached XP level 2. HP: 18/26 MP: 3/3
   160 | D:1      | Reached skill level 1 in Dodging
   198 | D:2      | Reached XP level 3. HP: 31/31 MP: 4/4
   311 | D:2      | Reached XP level 4. HP: 37/38 MP: 5/5
   312 | D:2      | Reached skill level 1 in Stealth
   382 | D:3      | Found a large runed translucent door.
   382 | D:3      | Found a large runed translucent door.
   403 | D:3      | Found a faded altar of an unknown god.
   450 | D:3      | Reached skill level 4 in Shields
   452 | D:3      | HP: 1/38 [gnoll/+2 whip of freezing (1)]
   452 | D:3      | Slain by a gnoll

Illustrated notes

Levels and vault maps discovered:
D:1:      dpeg_arrival_another_circle, layout_rooms
D:2:      layout_basic, uniq_sigmund
D:3:      layout_basic, amethyst_overflow_temple_binary,
          ebering_ghost_disaster_area, basic_ecumenical_altar
D:4:      layout_loops_ring, minmay_temple_entry_grid,
          ebering_ghost_disaster_area, serial_shops, shop,
          nicolae_elemental_shop

Skill      XL: |  1  2  3  4 |
---------------+-------------+-----
Dodging        | 1 2 |  2.0
Long Blades    | 3 |  3.2
Stealth        | 1 |  1.1
Shields        | 4 |  4.0
Fighting       | |  3.5
Armour         | |  3.9

Action                     |  1- 3 |  4- 6 || total
---------------------------+-------+-------++-------
  Melee: Long sword        |    73 |    27 ||   100
    Use: Scroll            |     3 |       ||     3
         Potion            |       |     1 ||     1
 Armour: Scale mail        |    55 |       ||    55
         Plate armour      |       |    14 ||    14
  Dodge: Dodged            |    41 |     4 ||    45
  Block: Buckler           |    26 |     8 ||    34

Table legend: (Time is in decaauts)
 A = Elapsed time spent in this place.
 B = Non-inter-level travel time spent in this place.
 C = Inter-level travel time spent in this place.
 D = Time resting spent in this place.
 E = Time spent auto-exploring this place.
 F = Levels seen in this place.
 G = Mean time per level.
                   A        B        C        D        E       F      G
               +--------+--------+--------+--------+--------+-----+--------+
         Total |    482 |    475 |      7 |      0 |      0 |   4 |  120.5 |
       Dungeon |    482 |    475 |      7 |      0 |      0 |   4 |  120.5 |
               +--------+--------+--------+--------+--------+-----+--------+

Top non-repeatable levels by time:
     D:1: 208 daAuts
     D:2: 199 daAuts
     D:3: 72 daAuts
     D:4: 1 daAuts
